AoeStats
← waw15

Arabia

503383608Analyzed
4v4 RM · 1mo ago on Aug 31, 2026· 25m 28s· 8 players
Game mode
Random Map
Map size
Large (8 player)
Population
200
Speed
Normal
Resources
Standard
Victory
Conquest
Starting age
Dark Age
Ending age
Imperial Age
RankedLock teamsTeams togetherTeam positionsShared explorationLock speedFull tech treeHidden civsTurbo modeCheats
Victory
Defeat
🇭🇰 Celts · Hong Kong SAR China
1009
+13
🇭🇰 Spanish · Hong Kong SAR China
973
+15
🇭🇰 Vietnamese · Hong Kong SAR China
944
+16
🇭🇰 Franks · Hong Kong SAR China
902
+22
🇨🇳 Franks · China
952
-16
🇲🇽 Spanish · Mexico
949
-16
🇬🇧 Mongols · United Kingdom
947
-16
🇳🇱 Malay · Netherlands
936
-15
marcobecerrap
Nyssa
8:38 Loom
11:41 Feudal Age
16:20 Castle Age
15:00 Double-Bit Axe
15:11 Horse Collar
19:26 Double-Bit Axe
22:09 Town Watch
waw15
9:57 Feudal Age
9:34 Loom
15:08 Castle Age
13:08 Double-Bit Axe
14:54 Horse Collar
23:28 Scale Barding Armor
23:34 Forging
Roh Tae-woo
7:13 Loom
9:56 Feudal Age
18:18 Double-Bit Axe
22:32 Castle Age
Disconnected
7:48 Loom
10:43 Feudal Age
15:11 Castle Age
13:39 Double-Bit Axe
15:20 Wheelbarrow
19:02 Bow Saw
Garyyyyyyyyyyyyyyyy
12:02 Feudal Age
10:43 Loom
19:56 Castle Age
18:27 Double-Bit Axe
18:55 Horse Collar
20:06 Stone Mining
23:49 Husbandry
24:27 Heavy Plow
EDGGG
1:49 Loom
12:53 Feudal Age
17:14 Castle Age
15:30 Double-Bit Axe
18:40 Forging
19:11 Wheelbarrow
19:21 Horse Collar
21:57 Scale Barding Armor
23:52 Bow Saw
25:45 Hand Cart
vvc0
6:09 Loom
17:00 Feudal Age
18:24 Wheelbarrow
21:42 Castle Age
20:58 Man-at-Arms
22:38 Double-Bit Axe
Connection lost

Rejoining the realm…

Still unreachable

The connection could not be restored.

Session expired

The server has moved on; the page needs a fresh start.